 Dungeon Crawl Stone Soup version 0.23.2 (webtiles) character file.

Game seed: 2311424689124474680

347 snowfan the Gusty (level 6, -1/44 HPs)
             Began as a Mummy Air Elementalist on Apr 7, 2019.
             Slain by a centaur (7 damage)
             ... on level 4 of the Dungeon.
             The game lasted 00:19:19 (4622 turns).

snowfan the Gusty (Mummy Air Elementalist)          Turns: 4622, Time: 00:19:20

Health: -1/44      AC:  2    Str: 11    XL:     6   Next: 32%
Magic:  7/10       EV: 13    Int: 16    God:
Gold:   210        SH:  0    Dex: 13    Spells: 7/10 levels left

rFire    x . .     SeeInvis .   k - +3 dagger (venom)
rCold    + + .     Gourm    .   (no shield)
rNeg     + + +     Faith    .   a - +0 robe
rPois    ∞         Spirit   .   (no helmet)
rElec    .         Reflect  .   (no cloak)
rCorr    .         Harm     .   (no gloves)
MR       .....                  (no boots)
Stlth    ++........             (no amulet)
HPRegen  0.14/turn              j - ring of protection from cold
MPRegen  0.12/turn              (no ring)

@: no status effects
A: no food or potions, fire vulnerability, cold resistance 1, negative energy
resistance 3, torment resistance, unbreathing
a: no special abilities


You were on level 4 of the Dungeon.
You were not hungry.

You visited 1 branch of the dungeon, and saw 4 of its levels.

You collected 210 gold pieces.

Inventory:

Hand Weapons
 c - a +0 short sword
 f - a +2 dagger of draining
 k - a +3 dagger of venom (weapon)
 o - a +0 shortbow
Missiles
 b - 129 stones (quivered)
 d - 15 sling bullets
 p - 13 arrows
Armour
 a - a +0 robe (worn)
 n - a +1 leather armour of fire resistance
Jewellery
 j - a ring of protection from cold (left hand)
Scrolls
 e - 7 scrolls of identify {unknown}
 g - 2 scrolls of enchant armour {unknown}
 h - 2 scrolls of amnesia {unknown}
 i - 3 scrolls of random uselessness {unknown}
 l - 2 scrolls of remove curse {unknown}
 m - 2 scrolls of teleportation {unknown}
 q - a scroll of blinking {unknown}


   Skills:
 + Level 2.1 Fighting
 + Level 2.4 Dodging
 - Level 1.5 Stealth
 - Level 2.6 Spellcasting
 * Level 3.2 Conjurations
 * Level 4.0 Air Magic


You had 7 spell levels left.
You knew the following spells:

 Your Spells              Type           Power        Failure   Level  Hunger
r - Swiftness             Chrm/Air       #.......     13%         2    N/A
s - Shock                 Conj/Air       ##..         4%          1    N/A

Your spell library contained the following spells:

 Spells                   Type           Power        Failure   Level  Hunger
 Static Discharge         Conj/Air       ##......     13%         3    N/A
 Airstrike                Air            ###.......   36%         4    N/A
 Lightning Bolt           Conj/Air       ##........   77%         5    N/A

Dungeon Overview and Level Annotations

Branches:
Dungeon (4/15)
 Temple: D:4-7

Altars:


Innate Abilities, Weirdness & Mutations

You do not eat or drink.
Your flesh is vulnerable to fire.
You are immune to poison.
Your flesh is cold resistant. (rC+)
You are immune to negative energy. (rN+++)
You are immune to unholy pain and torment.
You can survive without breathing.


Message History

The centaur barely misses you. The centaur hits you!
Casting: Shock (safe; 4% risk of failure)
Confirm with . or Enter, or press ? or * to list all spells.
Aiming: Shock (safe; 4% risk of failure)
Press: ? - help, Shift-Dir - straight line, f/p - centaur
Aim: a centaur (moderately wounded, poisoned)
The zap hits the centaur.
The centaur is heavily wounded.
The centaur barely misses you.
Casting: Shock (safe; 4% risk of failure)
Confirm with . or Enter, or press ? or * to list all spells.
Aiming: Shock (safe; 4% risk of failure)
Press: ? - help, Shift-Dir - straight line, f/p - centaur
Aim: a centaur (heavily wounded, poisoned)
The zap hits the centaur.
The centaur is heavily wounded.
The centaur hits you!
* * * LOW HITPOINT WARNING * * *
The centaur hits you!
You die...

#!##.# ..# #.##.## ..#
#.....# ##..# ####..#
#######...#### #..#
#..(..c........
#..######(#####........
#>........# #(.......
##.#####..#####........
#........c@....#.....#
#################...##
#..# ...


You could see a centaur.

Vanquished Creatures
  A centaur (D:4)
  An orc wizard (D:4)
  Jessica (D:2)
  3 worker ants
  4 adders
  An ooze (D:1)
  An adder skeleton (D:4)
  5 worms
  A dart slug (D:1)
  5 orcs
  2 ball pythons
  10 bats
  3 giant cockroaches
  10 goblins
  12 hobgoblins
  2 jackals (D:3)
  11 kobolds
  A quokka (D:3)
  5 frilled lizards
  3 rats
82 creatures vanquished.

Notes
Turn   | Place    | Note
-------+----------+-------------------------------------------
     0 | D:1      | snowfan the Mummy Air Elementalist began the quest for the
                  | Orb.
     0 | D:1      | Reached XP level 1. HP: 13/13 MP: 4/4
   143 | D:1      | Reached skill level 1 in Conjurations
   347 | D:1      | Reached XP level 2. HP: 15/19 MP: 0/5
  1330 | D:1      | Reached XP level 3. HP: 25/25 MP: 4/7
  1441 | D:2      | Found a faded altar of an unknown god.
  1481 | D:2      | Reached skill level 3 in Air Magic
  1975 | D:2      | Noticed Jessica
  1979 | D:2      | Killed Jessica
  1979 | D:2      | Reached skill level 1 in Fighting
  1979 | D:2      | Reached XP level 4. HP: 28/32 MP: 3/8
  2024 | D:2      | Learned a level 2 spell: Swiftness
  3473 | D:3      | Reached XP level 5. HP: 37/37 MP: 7/9
  4107 | D:4      | Noticed a centaur
  4117 | D:4      | Killed a centaur
  4117 | D:4      | Reached XP level 6. HP: 17/44 MP: 4/10
  4494 | D:4      | Reached skill level 4 in Air Magic
  4622 | D:4      | Slain by a centaur

Skill      XL: |  1  2  3  4  5  6 |
---------------+-------------------+-----
Conjurations   | 1 2 3 |  3.2
Air Magic      | 3 4 |  4.0
Fighting       | 1 2 |  2.1
Dodging        | 2 |  2.4
Stealth        | |  1.5
Spellcasting   | |  2.6

Action                   |  1- 3 |  4- 6 || total
-------------------------+-------+-------++-------
Melee: Short sword       |     9 |       ||     9
       Unarmed           |     1 |       ||     1
       Dagger            |    33 |    28 ||    61
Throw: Stone             |     4 |     1 ||     5
 Cast: Shock             |    60 |   110 ||   170
 Stab: Sleeping          |       |     1 ||     1
Armor: Robe              |    16 |     3 ||    19
Dodge: Dodged            |    37 |    35 ||    72
